 Dungeon Crawl Stone Soup version 0.29.0-4-gdea44cf6ec (webtiles) character file.

Game seed: 851240402363133490

314 qw the Chopper (level 6, -1/35 HPs)
             Began as a Tengu Warper on Aug 28, 2022.
             Slain by a lemure (4 damage)
             ... led by Pikel
             ... on level 4 of the Dungeon.
             The game lasted 00:00:19 (2981 turns).

qw the Chopper (Tengu Warper)                       Turns: 2981, Time: 00:00:20

Health: -1/35      AC:  6    Str: 14    XL:     6   Next: 43%
Magic:  10/10      EV: 11    Int: 13    God:
Gold:   226        SH:  0    Dex: 13    Spells: 9/9 levels left

rFire   + . .      SeeInvis +   Y - +4 hand axe (vorpal)
rCold   . . .      Faith    .   (no shield)
rNeg    . . .      Spirit   .   d - +0 scale mail
rPois   .          Reflect  .   (helmet restricted)
rElec   .          Harm     .   (no cloak)
rCorr   .          Rampage  .   (no gloves)
Will    .....                   (boots unavailable)
Stlth   ..........              (no amulet)
HPRegen 0.11/turn               e - ring of see invisible
MPRegen 0.12/turn               g - ring of protection from fire

@: about to teleport, flying quickly and evasively, quick
A: beak, talons 3, nimble flight
a: no special abilities


You were on level 4 of the Dungeon.
You visited 1 branch of the dungeon, and saw 4 of its levels.

You collected 226 gold pieces.


Innate Abilities, Weirdness & Mutations

You have a beak for a mouth.
You have claws for feet.
Your magical nature lets you fly swiftly and evasively.


   Skills:
 + Level 2.1 Fighting
 - Level 7.2 Axes
 - Level 1.0 Throwing
 - Level 1.1 Armour
 - Level 2.1 Dodging
 - Level 2.0 Spellcasting
 - Level 2.4 Translocations


You had 9 spell levels left.
You didn't know any spells.
Your spell library contained the following spells:

 Spells                   Type           Power      Damage    Failure   Level
 Blink                    Tloc           14%        N/A       54%         2
 Gell's Gravitas          Tloc           7%         N/A       77%         3
 Lesser Beckoning         Tloc           7%         N/A       77%         3
 Teleport Other           Tloc           7%         N/A       77%         3
 Manifold Assault         Tloc           7%         N/A       100%        5

Inventory:

Hand Weapons
 f - a +2 mace of draining
 Y - a +4 vorpal hand axe (weapon)
Missiles
 k - 10 boomerangs (quivered)
Armour
 d - a +0 scale mail (worn)
Jewellery
 c - a ring of ice
 e - a ring of see invisible (left hand)
 g - a ring of protection from fire (right hand)
Scrolls
 h - a scroll of identify
 m - 3 scrolls of enchant armour
Potions
 b - a potion of haste

Dungeon Overview and Level Annotations

Branches:
Dungeon (4/15)
 Temple: D:4-7

Altars:
Qazlal

Annotations:
D:4 Pikel


Message History

You hit the hobgoblin but do no damage. You closely miss the lemure.
The hobgoblin hits you. The lemure hits you.
You hit the lemure. Your kick misses the lemure.
The lemure is almost dead.
You completely miss the hobgoblin. You hit the orc.
You closely miss the lemure. x2
You hit the lemure.
You kill the lemure!
That felt strangely unrewarding.
You closely miss the hobgoblin. You hit the orc.
You kill the orc!
You hit the lemure. x2
The lemure misses you. The hobgoblin barely misses you.
The lemure barely misses you.
You hit the lemure but do no damage. You claw the lemure, but do no damage.
Your peck misses the lemure.
The lemure is severely wounded.
You hit the hobgoblin but do no damage. You hit the lemure.
You hit Pikel but do no damage.
Pikel says, "Hell isn't that bad."
Pikel hits you with a +2 whip of flaming.
The lemure hits you but does no damage. The hobgoblin hits you.
The lemure hits you.
You hit the lemure. You claw the lemure, but do no damage.
The lemure is almost dead.
You hit the lemure. You hit Pikel but do no damage.
You barely miss the hobgoblin. The lemure barely misses you.
The hobgoblin hits you but does no damage.
Pikel closely misses you. The lemure barely misses you.
You barely miss the lemure. Your kick misses the lemure.
The lemure is almost dead.
You hit the lemure. You hit Pikel but do no damage.
You hit the hobgoblin but do no damage. The lemure hits you.
The hobgoblin closely misses you. Pikel closely misses you.
The lemure hits you.
2981 ||| READING scroll of teleportation.
As you read the scroll of teleportation, it crumbles to dust.
You feel strangely unstable. The lemure hits you.
You die...

##........ ##...#....
....... #....# ....
....... #.#.#.#.#....#
....).. ...##.# .....#
....... .### .###...#
##.......
...##.##.....###........
#.#.#.#.#....#.)5K......
....#.#........5@g5.....
....#.#..........###....
....#.#........### .
...##.##......##
..###.###...###
#..%)...%.###
###########


You could see Pikel, 3 lemures and a hobgoblin.

Vanquished Creatures
  A lemure (D:4)
  A phantom (D:4)
  2 scorpions (D:4)
  An orc wizard (D:3)
  4 adders (D:2)
  A worm (D:2)
  11 orcs
  7 bats
  6 endoplasms
  3 giant cockroaches
  5 hobgoblins
  3 jackals (D:4)
  3 quokkas
  3 ball pythons
  A goblin (D:2)
  3 kobolds
  9 rats
64 creatures vanquished.

Notes
Turn   | Place    | Note
-------+----------+-------------------------------------------
     0 | D:1      | qw the Tengu Warper began the quest for the Orb.
     0 | D:1      | Reached XP level 1. HP: 12/12 MP: 4/4
     0 | D:1      | 0 ||| qw: Version: 0.1-a-89-g26bdef1
     0 | D:1      | 0 ||| qw: Game counter: 2317
     0 | D:1      | 0 ||| qw: Always use a shield: true
     0 | D:1      | 0 ||| qw: God list: Okawaru
     0 | D:1      | 0 ||| qw: Allow faded altars: false
     0 | D:1      | 0 ||| qw: Do Orc after D:15 true
     0 | D:1      | 0 ||| qw: Do second Lair branch before Depths: true
     0 | D:1      | 0 ||| qw: Lair rune preference: random
     0 | D:1      | 0 ||| qw: Plans: Normal
     0 | D:1      | 0 ||| PLANNING D:1-11
   124 | D:1      | 124 ||| Stepping ~*~*~tactically~*~*~ (stealth).
   148 | D:1      | Reached skill level 3 in Axes
   148 | D:1      | Reached XP level 2. HP: 17/17 MP: 6/6
   215 | D:1      | Found a faded altar of an unknown god.
   724 | D:1      | 724 ||| UPGRADING to +0 ring mail.
   734 | D:1      | 734 ||| DROPPING +0 leather armour.
   735 | D:1      | 735 ||| UPGRADING to ring of see invisible.
   736 | D:1      | 736 ||| UPGRADING to ring of protection from fire.
   737 | D:1      | 737 ||| READING scroll labelled XYLAUL SUKLULO.
   838 | D:1      | 838 ||| READING 4 scrolls labelled ICA ZEIXEQ.
   839 | D:1      | 839 ||| READING scroll labelled CIRAOW SEINUL.
   840 | D:1      | 840 ||| READING scroll labelled PUEL JEV HEFO.
   845 | D:1      | 845 ||| READING scroll labelled ERAXYG IM BYSAPUPP.
   846 | D:1      | 846 ||| DROPPING scroll of blinking.
   948 | D:2      | Reached XP level 3. HP: 21/21 MP: 7/7
   962 | D:2      | 962 ||| Stepping ~*~*~tactically~*~*~ (stealth).
   981 | D:2      | 981 ||| Stepping ~*~*~tactically~*~*~ (stealth).
  1020 | D:2      | Reached skill level 4 in Axes
  1049 | D:2      | 1049 ||| Stepping ~*~*~tactically~*~*~ (stealth).
  1148 | D:2      | 1148 ||| FLEEEEING.
  1149 | D:2      | 1149 ||| FLEEEEING.
  1150 | D:2      | 1150 ||| FLEEEEING.
  1151 | D:2      | 1151 ||| FLEEEEING.
  1152 | D:2      | 1152 ||| FLEEEEING.
  1153 | D:2      | 1153 ||| FLEEEEING.
  1154 | D:2      | 1154 ||| FLEEEEING.
  1155 | D:2      | 1155 ||| FLEEEEING.
  1156 | D:2      | 1156 ||| FLEEEEING.
  1157 | D:2      | 1157 ||| FLEEEEING.
  1158 | D:2      | 1158 ||| FLEEEEING.
  1159 | D:2      | 1159 ||| FLEEEEING.
  1160 | D:2      | 1160 ||| FLEEEEING.
  1161 | D:2      | 1161 ||| FLEEEEING.
  1162 | D:2      | 1162 ||| FLEEEEING.
  1163 | D:2      | 1163 ||| FLEEEEING.
  1164 | D:2      | 1164 ||| FLEEEEING.
  1165 | D:2      | 1165 ||| FLEEEEING.
  1166 | D:2      | 1166 ||| FLEEEEING.
  1167 | D:2      | 1167 ||| FLEEEEING.
  1168 | D:2      | 1168 ||| FLEEEEING.
  1169 | D:2      | 1169 ||| FLEEEEING.
  1170 | D:2      | 1170 ||| FLEEEEING.
  1171 | D:2      | 1171 ||| FLEEEEING.
  1172 | D:2      | 1172 ||| FLEEEEING.
  1173 | D:2      | 1173 ||| FLEEEEING.
  1174 | D:2      | 1174 ||| FLEEEEING.
  1175 | D:2      | 1175 ||| FLEEEEING.
  1176 | D:2      | 1176 ||| FLEEEEING.
  1177 | D:2      | 1177 ||| FLEEEEING.
  1178 | D:2      | 1178 ||| FLEEEEING.
  1179 | D:2      | 1179 ||| FLEEEEING.
  1180 | D:2      | 1180 ||| FLEEEEING.
  1181 | D:2      | 1181 ||| FLEEEEING.
  1182 | D:2      | 1182 ||| FLEEEEING.
  1183 | D:2      | 1183 ||| FLEEEEING.
  1184 | D:2      | 1184 ||| FLEEEEING.
  1185 | D:2      | 1185 ||| FLEEEEING.
  1186 | D:2      | 1186 ||| FLEEEEING.
  1187 | D:2      | 1187 ||| FLEEEEING.
  1188 | D:2      | 1188 ||| FLEEEEING.
  1189 | D:2      | 1189 ||| FLEEEEING.
  1190 | D:2      | 1190 ||| FLEEEEING.
  1191 | D:2      | 1191 ||| FLEEEEING.
  1192 | D:2      | 1192 ||| FLEEEEING.
  1193 | D:2      | 1193 ||| FLEEEEING.
  1194 | D:2      | 1194 ||| FLEEEEING.
  1195 | D:2      | 1195 ||| FLEEEEING.
  1196 | D:2      | 1196 ||| FLEEEEING.
  1197 | D:2      | 1197 ||| FLEEEEING.
  1198 | D:2      | 1198 ||| FLEEEEING.
  1199 | D:2      | 1199 ||| FLEEEEING.
  1200 | D:2      | 1200 ||| FLEEEEING.
  1201 | D:2      | 1201 ||| FLEEEEING.
  1202 | D:2      | 1202 ||| FLEEEEING.
  1203 | D:2      | 1203 ||| FLEEEEING.
  1204 | D:2      | 1204 ||| FLEEEEING.
  1205 | D:2      | 1205 ||| FLEEEEING.
  1206 | D:2      | 1206 ||| FLEEEEING.
  1207 | D:2      | 1207 ||| FLEEEEING.
  1208 | D:2      | 1208 ||| FLEEEEING.
  1209 | D:2      | 1209 ||| FLEEEEING.
  1210 | D:2      | 1210 ||| FLEEEEING.
  1211 | D:2      | 1211 ||| FLEEEEING.
  1212 | D:2      | 1212 ||| FLEEEEING.
  1214 | D:2      | 1214 ||| FLEEEEING.
  1216 | D:2      | 1216 ||| FLEEEEING.
  1217 | D:2      | 1217 ||| FLEEEEING.
  1218 | D:2      | 1218 ||| FLEEEEING.
  1219 | D:2      | 1219 ||| FLEEEEING.
  1220 | D:2      | 1220 ||| FLEEEEING.
  1221 | D:2      | 1221 ||| FLEEEEING.
  1222 | D:2      | 1222 ||| FLEEEEING.
  1223 | D:2      | 1223 ||| FLEEEEING.
  1224 | D:2      | 1224 ||| FLEEEEING.
  1225 | D:2      | 1225 ||| FLEEEEING.
  1226 | D:2      | 1226 ||| FLEEEEING.
  1227 | D:2      | 1227 ||| FLEEEEING.
  1228 | D:2      | 1228 ||| FLEEEEING.
  1229 | D:2      | 1229 ||| FLEEEEING.
  1230 | D:2      | 1230 ||| FLEEEEING.
  1231 | D:2      | 1231 ||| FLEEEEING.
  1232 | D:2      | 1232 ||| FLEEEEING.
  1233 | D:2      | 1233 ||| STAIRDANCE
  1285 | D:1      | 1285 ||| READING 3 scrolls of identify.
  1285 | D:1      | 1285 ||| IDENTIFYING fizzy yellow potion
  1289 | D:2      | 1289 ||| STAIRDANCE
  1536 | D:2      | Reached XP level 4. HP: 26/26 MP: 8/8
  1760 | D:2      | 1760 ||| DROPPING ring of flight.
  1761 | D:2      | 1761 ||| READING 3 scrolls labelled UBYFUT AGUPONU.
  1762 | D:2      | 1762 ||| READING 2 scrolls of enchant weapon.
  1762 | D:2      | 1762 ||| ENCHANTING +1 hand axe.
  1763 | D:2      | 1763 ||| READING scroll of enchant weapon.
  1763 | D:2      | 1763 ||| ENCHANTING +2 hand axe.
  1764 | D:2      | 1764 ||| READING scroll labelled TURAON GOYSI.
  1765 | D:2      | 1765 ||| DRINKING 2 fizzy emerald potions.
  1766 | D:2      | 1766 ||| DROPPING potion of flight.
  1872 | D:3      | 1872 ||| DROPPING +0 club.
  2092 | D:3      | 2092 ||| Stepping ~*~*~tactically~*~*~ (stealth).
  2093 | D:3      | 2093 ||| Stepping ~*~*~tactically~*~*~ (hiding).
  2097 | D:3      | 2097 ||| Stepping ~*~*~tactically~*~*~ (stealth).
  2103 | D:3      | Reached skill level 5 in Axes
  2220 | D:3      | Found a stormy altar of Qazlal.
  2449 | D:3      | 2449 ||| Stepping ~*~*~tactically~*~*~ (stealth).
  2453 | D:3      | 2453 ||| Stepping ~*~*~tactically~*~*~ (stealth).
  2481 | D:3      | 2481 ||| Stepping ~*~*~tactically~*~*~ (stealth).
  2612 | D:3      | Gained mutation: Your magical nature lets you fly swiftly
                  | and evasively. [Tengu growth]
  2612 | D:3      | Reached XP level 5. HP: 30/30 MP: 9/9
  2695 | D:3      | 2695 ||| UPGRADING to +0 scale mail.
  2705 | D:3      | 2705 ||| DROPPING +0 ring mail.
  2706 | D:3      | 2706 ||| READING 3 scrolls of identify.
  2706 | D:3      | 2706 ||| IDENTIFYING lumpy cyan potion
  2707 | D:3      | 2707 ||| READING 2 scrolls of identify.
  2707 | D:3      | 2707 ||| IDENTIFYING amethyst potion
  2708 | D:3      | 2708 ||| DROPPING potion of attraction.
  2709 | D:3      | 2709 ||| DROPPING potion of lignification.
  2760 | D:4      | Noticed a phantom
  2767 | D:4      | Killed a phantom
  2768 | D:4      | Reached skill level 6 in Axes
  2772 | D:4      | 2772 ||| READING scroll of enchant weapon.
  2772 | D:4      | 2772 ||| ENCHANTING +3 vorpal hand axe.
  2864 | D:4      | 2864 ||| Stepping ~*~*~tactically~*~*~ (stealth).
  2875 | D:4      | 2875 ||| Stepping ~*~*~tactically~*~*~ (stealth).
  2888 | D:4      | 2888 ||| DROPPING +0 mace.
  2902 | D:4      | Reached XP level 6. HP: 35/35 MP: 10/10
  2915 | D:4      | Reached skill level 7 in Axes
  2967 | D:4      | Noticed Pikel
  2980 | D:4      | HP: 4/35 [lemure[Pikel] (6)]
  2981 | D:4      | 2981 ||| READING scroll of teleportation.
  2981 | D:4      | Slain by a lemure

Levels and vault maps discovered:
D:1:      minmay_arrival_nine_rooms, layout_basic,
          dreamdust_ecumenical_altar_sealed_demon, dreamdust_wishing_well
D:2:      layout_loops_ring, minmay_misc_feat_ornament, serial_bayou_pond_d
D:3:      minmay_evil_eye, layout_loops_ring, lemuel_crystal_altar,
          minmay_misc_feat_tower
D:4:      layout_cave_pods, amethyst_overflow_temple_binary,
          minmay_manual_monstrance, uniq_pikel

Skill      XL: |  1  2  3  4  5  6 |
---------------+-------------------+-----
Axes           | 3 4 5 6 7 |  7.2
Fighting       | |  2.1
Throwing       | |  1.0
Armour         | |  1.1
Dodging        | |  2.1
Spellcasting   | |  2.0
Translocations | |  2.4

Action                   |  1- 3 |  4- 6 || total
-------------------------+-------+-------++-------
Melee: Hand axe          |    69 |    65 ||   134
       Kick              |    16 |    22 ||    38
       Peck              |    12 |    11 ||    23
       Punch             |       |     1 ||     1
Throw: Boomerang         |     7 |    39 ||    46
  Use: Scroll            |     6 |     8 ||    14
       Potion            |       |     1 ||     1
Armor: Leather armour    |     3 |       ||     3
       Ring mail         |     6 |     9 ||    15
       Scale mail        |       |     7 ||     7
Dodge: Dodged            |    35 |    41 ||    76

Table legend:
 A = Non-vault XP
 B = Vault XP
 C = Vault XP percentage of total XP
 D = Non-vault monster count
 E = Vault monster count
 F = Vault count percentage of total count
                 A         B        C        D         E       F
            +---------+---------+-------+---------+---------+-------
      Total |     363 |      86 |  19.2 |      58 |       5 |   7.9
            +---------+---------+-------+---------+---------+-------
        D:1 |      17 |       0 |   0.0 |      11 |       0 |   0.0
        D:2 |      80 |       0 |   0.0 |      19 |       0 |   0.0
        D:3 |      68 |       1 |   1.4 |      18 |       1 |   5.3
        D:4 |     198 |      85 |  30.0 |      10 |       4 |  28.6
            +---------+---------+-------+---------+---------+-------
